 Dungeon Crawl Stone Soup version 0.29.1-12-g30fa7ad0bf (webtiles) character file.

Game seed: 16291829266007757901

158 xzight the Grasshopper (level 5, -6/64 HPs)
             Began as a Gnoll Warper on Dec 29, 2022.
             Mangled by Blork the orc
             ... wielding a +0 scimitar
              (10 damage)
             ... on level 4 of the Dungeon.
             The game lasted 00:05:36 (3381 turns).

xzight the Grasshopper (Gnoll Warper)               Turns: 3381, Time: 00:05:36

Health: -6/64      AC: 22    Str: 12    XL:     5   Next: 40%
Magic:  12/12      EV:  2    Int: 18    God:
Gold:   206        SH:  0    Dex: 18    Spells: 14/14 levels left

rFire   . . .      SeeInvis .   a - +0 spear
rCold   . . .      Faith    .   (no shield)
rNeg    . . .      Spirit   .   (body armour currently unavailable)
rPois   +          Reflect  .   (helmet currently unavailable)
rElec   .          Harm     .   (cloak currently unavailable)
rCorr   .          Rampage  .   (gloves currently unavailable)
Will    .....      NoTele   +   (boots currently unavailable)
Stlth   ++........              (no amulet)
HPRegen 0.20/turn               I - +6 ring of intelligence
MPRegen 0.13/turn               D - +6 ring of dexterity

@: tree-form
A: stationary, stasis, torment immunity, boosted hp, (fangs 1), strong nose,
distributed training
a: no special abilities


You were on level 4 of the Dungeon.
You were a tree.
You visited 1 branch of the dungeon, and saw 4 of its levels.

You collected 206 gold pieces.


Innate Abilities, Weirdness & Mutations

You are a tree.
Your roots penetrate the ground, keeping you stationary.
You cannot be teleported.
You are immune to unholy pain and torment.
Your maximum health is greatly increased.
Your equipment is partially melded.
((You have very sharp teeth.))
Your uncanny sense of smell can sniff out nearby items.
Your experience applies equally to all skills.


   Skills:
 + Level 4.8 Fighting
 + Level 1.5 Short Blades
 + Level 1.5 Long Blades
 + Level 1.5 Axes
 + Level 1.5 Maces & Flails
 + Level 4.8 Polearms
 + Level 1.5 Staves
 + Level 1.5 Ranged Weapons
 + Level 3.0 Throwing
 + Level 3.0 Armour
 + Level 4.8 Dodging
 + Level 1.5 Stealth
 + Level 1.5 Shields
 + Level 1.5 Unarmed Combat
 + Level 5.2 Spellcasting
 + Level 1.2 Conjurations
 + Level 1.2 Hexes
 + Level 1.2 Summonings
 + Level 1.2 Necromancy
 + Level 5.5 Translocations
 + Level 1.2 Transmutations
 + Level 1.2 Fire Magic
 + Level 1.2 Ice Magic
 + Level 1.2 Air Magic
 + Level 1.2 Earth Magic
 + Level 1.2 Poison Magic
 + Level 1.7 Invocations
 + Level 1.5 Evocations


You had 14 spell levels left.
You didn't know any spells.
Your spell library contained the following spells:

 Spells                   Type           Power      Damage    Failure   Level
 Blink                    Tloc           48%        N/A       1%          2
 Gell's Gravitas          Tloc           24%        N/A       4%          3
 Lesser Beckoning         Tloc           24%        N/A       4%          3
 Teleport Other           Tloc           24%        N/A       4%          3
 Freeze                   Ice            36%        1d6       8%          1
 Portal Projectile        Hex/Tloc       34%        N/A       10%         3
 Frozen Ramparts          Ice            18%        1d3       24%         3
 Tukima's Dance           Hex            9%         N/A       24%         3
 Manifold Assault         Tloc           24%        N/A       36%         5
 Hailstorm                Conj/Ice       9%         3d4       61%         4
 Blade Hands              Tmut           4%         N/A       91%         5

Inventory:

Hand Weapons
 a - a +0 spear (weapon)
Missiles
 d - 7 boomerangs of dispersal (quivered) {=f}
 q - 2 boomerangs
 t - 10 poisoned darts
Armour
 f - a +0 scale mail (melded)
 n - a +0 cloak (melded)
Jewellery
 D - a +6 ring of dexterity (right branch)
 I - a +6 ring of intelligence (left branch)
Wands
 k - a wand of acid (1)
Scrolls
 b - 2 scrolls of immolation {unknown}
 c - a scroll of blinking
 e - 4 scrolls of magic mapping
 h - a scroll of butterflies {unknown}
 i - a scroll of vulnerability {unknown}
 o - a scroll of noise {unknown}
 p - a scroll of fear {unknown}
Potions
 g - a potion of magic {unknown}
 j - a potion of brilliance {unknown}
 l - a potion of lignification
 m - a potion of ambrosia {unknown}
 r - a potion of attraction {unknown}
 s - a potion of flight {unknown}
 u - a potion of haste {unknown}

Dungeon Overview and Level Annotations

Branches:
Dungeon (4/15)
 Temple: D:4-7

Altars:

Annotations:
D:4 Blork the orc

..░...........
#.░░........░░░░░........░░
#).░.)....░░░.░...........░
...░░...░░░...░░......o...░
....░.░░░......░...........
....░.░........░░..........
....░.).........░..........
....░░..........░░........░
.....░..........♣░......░
░.(
...#.░░.........o░░...░░░
#.# ......░.............░░░
#.# ....#.░░........░░░░░
#.# ....'..░......░░░...##
#.# ....#..░░...░░░...#..##
#.# ....##..░.░░░...####..#
#.# # ######..░.░...###
##># #.# # ##.....###.#
#..#####.#####


You could see Blork the orc (fast, strong, corroded).


Message History

* * * LOW HITPOINT WARNING * * *
You hit Blork the orc.
Blork the orc is heavily wounded.
Blork the orc hits you but does no damage.
You hit Blork the orc but do no damage.
Blork the orc is heavily wounded.
Blork the orc screams, "I'll crush all your ribs!
One by one!"
Blork the orc hits you with a +0 scimitar!
* * * LOW HITPOINT WARNING * * *
You barely miss Blork the orc.
Blork the orc is heavily wounded.
Blork the orc mumbles some strange words.
Blork the orc seems to speed up.
Okay, then.
Aiming: Corrosive Bolt
Press: ? - help, Shift-Dir - straight line, f/p - Blork the orc
Aim: Blork the orc, wielding a +0 scimitar and wearing a +0 robe (heavily wounded, fast, strong, 75% to hit)
The bolt of acid hits Blork the orc!
The acid corrodes Blork the orc!
Blork the orc is severely wounded.
Blork the orc hits you with a +0 scimitar.
* * * LOW HITPOINT WARNING * * *
Aiming: Corrosive Bolt
Press: ? - help, Shift-Dir - straight line, f/p - Blork the orc
Aim: Blork the orc, wielding a +0 scimitar and wearing a +0 robe (severely wounded, fast, strong, covered in acid, 75% to hit)
The bolt of acid misses Blork the orc.
Blork the orc screams, "I'll rip your head off!"
Blork the orc hits you with a +0 scimitar.
* * * LOW HITPOINT WARNING * * *
Blork the orc hits you with a +0 scimitar!
You die...

Skill      XL: |  1  2  3  4  5 |
---------------+----------------+-----
Spellcasting   | 5 |  5.2
Invocations    | 1 |  1.7
Short Blades   | 1 |  1.5
Long Blades    | 1 |  1.5
Axes           | 1 |  1.5
Maces & Flails | 1 |  1.5
Staves         | 1 |  1.5
Ranged Weapons | 1 |  1.5
Stealth        | 1 |  1.5
Shields        | 1 |  1.5
Unarmed Combat | 1 |  1.5
Evocations     | 1 |  1.5
Conjurations   | 1 |  1.2
Hexes          | 1 |  1.2
Summonings     | 1 |  1.2
Necromancy     | 1 |  1.2
Transmutations | 1 |  1.2
Fire Magic     | 1 |  1.2
Ice Magic      | 1 |  1.2
Air Magic      | 1 |  1.2
Earth Magic    | 1 |  1.2
Poison Magic   | 1 |  1.2
Throwing       | 3 |  3.0
Armour         | 3 |  3.0
Fighting       | |  4.8
Polearms       | |  4.8
Dodging        | |  4.8
Translocations | |  5.5

Action                   |  1- 3 |  4- 6 || total
-------------------------+-------+-------++-------
Melee: Spear             |   139 |   177 ||   316
       Bite              |    14 |    14 ||    28
       Punch             |     2 |     2 ||     4
Evoke: Wand              |       |     2 ||     2
  Use: Scroll            |       |     3 ||     3
       Potion            |       |     1 ||     1
Armor: Leather armour    |     4 |       ||     4
       Scale mail        |    35 |    41 ||    76
       Skin              |       |     3 ||     3
Dodge: Dodged            |    43 |    67 ||   110

Levels and vault maps discovered:
D:1:      scummos_arrival_forest, layout_basic,
          hellmonk_ecumenical_altar_leap_of_faith, minmay_misc_feat_doors,
          minmay_domino_2
D:2:      layout_basic
D:3:      layout_loops_ring, portal_sewer_entry_b,
          chequers_serial_rivers_small_3
D:4:      minmay_skewed_foursquare, layout_basic, uniq_blork_the_orc

Notes
Turn   | Place    | Note
-------+----------+-------------------------------------------
     0 | D:1      | xzight the Gnoll Warper began the quest for the Orb.
     0 | D:1      | Reached XP level 1. HP: 20/20 MP: 6/6
   244 | D:1      | Reached XP level 2. HP: 23/26 MP: 7/7
   380 | D:1      | Found a faded altar of an unknown god.
   626 | D:2      | Reached skill level 5 in Spellcasting
   626 | D:2      | Reached XP level 3. HP: 16/31 MP: 7/9
  1014 | D:2      | Reached skill level 1 in Invocations
  1351 | D:2      | Reached skill level 1 in Short Blades
  1351 | D:2      | Reached skill level 1 in Long Blades
  1351 | D:2      | Reached skill level 1 in Axes
  1351 | D:2      | Reached skill level 1 in Maces & Flails
  1351 | D:2      | Reached skill level 1 in Staves
  1351 | D:2      | Reached skill level 1 in Ranged Weapons
  1351 | D:2      | Reached skill level 1 in Stealth
  1351 | D:2      | Reached skill level 1 in Shields
  1351 | D:2      | Reached skill level 1 in Unarmed Combat
  1351 | D:2      | Reached skill level 1 in Evocations
  1390 | D:2      | Reached XP level 4. HP: 37/38 MP: 11/11
  1978 | D:3      | Reached skill level 1 in Conjurations
  1978 | D:3      | Reached skill level 1 in Hexes
  1978 | D:3      | Reached skill level 1 in Summonings
  1978 | D:3      | Reached skill level 1 in Necromancy
  1978 | D:3      | Reached skill level 1 in Transmutations
  1978 | D:3      | Reached skill level 1 in Fire Magic
  1978 | D:3      | Reached skill level 1 in Ice Magic
  1978 | D:3      | Reached skill level 1 in Air Magic
  1978 | D:3      | Reached skill level 1 in Earth Magic
  1978 | D:3      | Reached skill level 1 in Poison Magic
  2878 | D:4      | Noticed a black bear
  3030 | D:4      | Reached XP level 5. HP: 42/43 MP: 12/12
  3066 | D:4      | Reached skill level 3 in Throwing
  3066 | D:4      | Reached skill level 3 in Armour
  3337 | D:4      | Noticed Blork the orc
  3381 | D:4      | HP: 4/64 [Blork the orc/+0 scimitar (4)]
  3381 | D:4      | Mangled by Blork the orc

Vanquished Creatures
  A hound (D:4)
  4 adders
  A river rat (D:3)
  An ufetubus (D:4)
  A worm (D:3)
  A dart slug (D:4)
  6 orcs
  6 ball pythons
  5 endoplasms
  6 giant cockroaches
  9 goblins
  6 hobgoblins
  2 quokkas
  6 bats
  2 frilled lizards
  4 kobolds
  5 rats
66 creatures vanquished.

Table legend: (Time is in decaauts)
 A = Elapsed time spent in this place.
 B = Non-inter-level travel time spent in this place.
 C = Inter-level travel time spent in this place.
 D = Time resting spent in this place.
 E = Time spent auto-exploring this place.
 F = Levels seen in this place.
 G = Mean time per level.
                   A        B        C        D        E       F      G
               +--------+--------+--------+--------+--------+-----+--------+
         Total |   3343 |   3134 |    209 |    529 |   1922 |   4 |  835.8 |
       Dungeon |   3343 |   3134 |    209 |    529 |   1922 |   4 |  835.8 |
               +--------+--------+--------+--------+--------+-----+--------+

Top non-repeatable levels by time:
     D:3: 1175 daAuts
     D:2: 1075 daAuts
     D:1: 606 daAuts
     D:4: 486 daAuts

Table legend:
 A = Non-vault XP
 B = Vault XP
 C = Vault XP percentage of total XP
 D = Non-vault monster count
 E = Vault monster count
 F = Vault count percentage of total count
                 A         B        C        D         E       F
            +---------+---------+-------+---------+---------+-------
      Total |     157 |      70 |  30.8 |      55 |      11 |  16.7
            +---------+---------+-------+---------+---------+-------
        D:1 |      21 |       2 |   8.7 |      12 |       1 |   7.7
        D:2 |      60 |       0 |   0.0 |      22 |       0 |   0.0
        D:3 |      41 |      22 |  34.9 |      13 |       7 |  35.0
        D:4 |      35 |      46 |  56.8 |       8 |       3 |  27.3
            +---------+---------+-------+---------+---------+-------
